 Dungeon Crawl Stone Soup version 0.31-a0-189-ga26ba32dd1 (webtiles) character file.

Game seed: 5590745233656783919

72 qw the Shooter (level 4, -2/25 HPs)
             Began as a Deep Elf Hunter on June 23, 2023.
             Slain by Jessica
             ... wielding a +0 club
              (3 damage)
             ... on level 2 of the Dungeon.
             The game lasted 00:00:31 (1023 turns).

qw the Shooter (Deep Elf Hunter)                    Turns: 1023, Time: 00:00:32

Health: -2/25      AC:  6    Str: 10    XL:     4   Next: 7%
Magic:  6/6        EV:  9    Int: 14    God:
Gold:   60         SH:  0    Dex: 18    Spells: 3/3 levels left

rFire   . . .        Y - +0 shortbow
rCold   + . .        (shield currently unavailable)
rNeg    . . .        g - +0 scale mail
rPois   .            (no helmet)
rElec   .            (no cloak)
rCorr   .            (no gloves)
SInv    .            (no boots)
Will    .....        (no amulet)
Stlth   +            h - ring of protection from cold
HPRegen 0.24/turn    (no ring)
MPRegen 0.10/turn

%: no passive effects
@: no status effects
A: no striking features
a: no special abilities


You were on level 2 of the Dungeon.
You visited 1 branch of the dungeon, and saw 2 of its levels.

You collected 60 gold pieces.


   Skills:
 - Level 1.5 Fighting
 + Level 7.5 Ranged Weapons
 - Level 2.4 Dodging
 - Level 1.2 Stealth


You had 3 spell levels left.
You didn't know any spells.
Your spell library was empty.

Inventory:

Hand Weapons
 Y - a +0 shortbow (weapon)
Armour
 g - a +0 scale mail (worn)
Jewellery
 h - a ring of protection from cold (left hand)
Potions
 f - a potion of haste {unknown}
 i - 2 potions of lignification {unknown}

Dungeon Overview and Level Annotations

Branches:
Dungeon (2/15)

Altars:

Annotations:
D:2 Jessica, Terence


Message History

You kill the dart slug!
You hear an angry hiss.
A ball python comes into view.
You shoot an arrow. The arrow hits the ball python.
The ball python is moderately wounded.
You shoot an arrow. The arrow hits the ball python.
You kill the ball python!
You start resting.
HP restored.
You see here a dart slug corpse.
You open the door.
Terence and Jessica come into view.
Terence is wielding a +0 heavy flail.
Terence shouts!
Jessica shouts!
Found 5 stones.
Enter note: You shoot an arrow.
The arrow closely misses Jessica.
You shoot an arrow. The arrow hits Terence.
Terence is moderately wounded.
Jessica mumbles some strange words.
Jessica blinks!
You shoot an arrow.
The arrow hits Terence but does no damage.
Terence is moderately wounded.
Jessica mumbles some strange words.
Jessica blinks!
You shoot an arrow.
The arrow hits Terence but does no damage.
Terence is moderately wounded.
Terence misses you.
You shoot an arrow. The arrow hits Terence.
Terence is heavily wounded.
Terence hits you with a +0 heavy flail!
You shoot an arrow. The arrow hits Terence.
Terence is heavily wounded.
Terence shouts, "Get ready for death!"
You shoot an arrow. The arrow barely misses Terence.
Terence hits you with a +0 heavy flail!
Ouch! That really hurt!
Jessica hits you with a +0 club.
You die...

#..# #...##.#.#####.## #..#
#######.#######... #...
..................
#..##########.######....
#.....%.......# #....
#####...###############<...
..........................)
#######.####...########.#..
#...@# #.'.. ####@@...#
###.. ###...# ### ....#
...# ..... (##. .#


You could see Terence and Jessica.

Vanquished Creatures
  2 adders (D:2)
  2 dart slugs (D:2)
  3 worms (D:2)
  3 endoplasms
  5 giant cockroaches
  A goblin (D:2)
  6 hobgoblins
  4 jackals (D:1)
  2 quokkas
  4 ball pythons
  2 frilled lizards (D:1)
  4 kobolds
38 creatures vanquished.

Notes
Turn   | Place    | Note
-------+----------+-------------------------------------------
     0 | D:1      | qw the Deep Elf Hunter began the quest for the Orb.
     0 | D:1      | Reached XP level 1. HP: 12/12 MP: 3/3
     0 | D:1      | 0 ||| qw: Version: 0.3-a-9-g12657ce
     0 | D:1      | 0 ||| qw: Game counter: 4425
     0 | D:1      | 0 ||| qw: Always use a shield: true
     0 | D:1      | 0 ||| qw: God list: Okawaru
     0 | D:1      | 0 ||| qw: Allow faded altars: false
     0 | D:1      | 0 ||| qw: Do Orc after D:15 true
     0 | D:1      | 0 ||| qw: Do second Lair branch before Depths: true
     0 | D:1      | 0 ||| qw: Lair rune preference: random
     0 | D:1      | 0 ||| qw: Plans: Normal
     0 | D:1      | 0 ||| PLANNING D:1-11
    22 | D:1      | 22 ||| FLEEEEING.
    23 | D:1      | 23 ||| FLEEEEING.
    45 | D:1      | Reached XP level 2. HP: 16/16 MP: 4/4
    67 | D:1      | Reached skill level 6 in Ranged Weapons
   552 | D:1      | 552 ||| UPGRADING to +0 scale mail.
   562 | D:1      | 562 ||| DROPPING +0 leather armour.
   563 | D:1      | 563 ||| UPGRADING to ring of protection from cold.
   564 | D:1      | 564 ||| READING scroll labelled VOREFA XIFIA.
   565 | D:1      | 565 ||| READING scroll labelled KOGRUTODURCH.
   566 | D:1      | 566 ||| READING scroll labelled NIS VERUNNE.
   567 | D:1      | 567 ||| DROPPING scroll of butterflies.
   650 | D:2      | Reached XP level 3. HP: 20/20 MP: 5/5
   752 | D:2      | Reached skill level 7 in Ranged Weapons
   799 | D:2      | HP: 4/20 [worm (5)]
   957 | D:2      | Reached XP level 4. HP: 25/25 MP: 6/6
  1016 | D:2      | Noticed Terence
  1016 | D:2      | Noticed Jessica
  1023 | D:2      | HP: 1/25 [Terence/+0 heavy flail (14)]
  1023 | D:2      | Slain by Jessica

Levels and vault maps discovered:
D:1:      sevenhm_arrival_forest_fort_large_4, layout_rooms
D:2:      layout_basic, uniq_terence, uniq_jessica

Skill      XL: |  1  2  3 |
---------------+----------+-----
Ranged Weapons | 6 7 |  7.5
Fighting       | |  1.5
Dodging        | |  2.4
Stealth        | |  1.2

Action                     |  1- 3 |  4- 6 || total
---------------------------+-------+-------++-------
   Fire: Shortbow          |   130 |    17 ||   147
    Use: Scroll            |     3 |       ||     3
 Armour: Leather armour    |     5 |       ||     5
         Scale mail        |     9 |       ||     9
  Dodge: Dodged            |    22 |     1 ||    23

Table legend:
 A = Non-vault XP
 B = Vault XP
 C = Vault XP percentage of total XP
 D = Non-vault monster count
 E = Vault monster count
 F = Vault count percentage of total count
                 A         B        C        D         E       F
            +---------+---------+-------+---------+---------+-------
      Total |     104 |       0 |   0.0 |      38 |       0 |   0.0
            +---------+---------+-------+---------+---------+-------
        D:1 |      37 |       0 |   0.0 |      21 |       0 |   0.0
        D:2 |      67 |       0 |   0.0 |      17 |       0 |   0.0
            +---------+---------+-------+---------+---------+-------
